 Dungeon Crawl Stone Soup version 0.25-a0-589-g1e14c549ee (webtiles) character file.

Game seed: 6706534016458246932, levelgen mode: deterministic

0 Lugonue the Charlatan (level 1, 0/18 HPs)
             Began as a Deep Dwarf Artificer on Mar 12, 2020.
             Slain by a rat (1 damage)
             ... on level 1 of the Dungeon.
             The game lasted 00:00:09 (115 turns).

Lugonue the Charlatan (Deep Dwarf Artificer)         Turns: 115, Time: 00:00:10

Health: 0/18       AC:  3    Str: 15    XL:     1   Next: 8%
Magic:  3/3        EV:  9    Int: 11    God:
Gold:   0          SH:  0    Dex: 13    Spells: 0/0 levels left

rFire    . . .     SeeInvis .   a - +0 short sword
rCold    . . .     Gourm    .   (no shield)
rNeg     . . .     Faith    .   b - +0 leather armour
rPois    .         Spirit   .   (no helmet)
rElec    .         Reflect  .   (no cloak)
rCorr    .         Harm     .   (no gloves)
MR       .....                  (no boots)
Stlth    +.........             (no amulet)
HPRegen  0.00/turn              (no ring)
MPRegen  0.08/turn              (no ring)

@: non-regenerating, constricted
A: damage resistance, heal wounds, sense surroundings 1, no regeneration
a: Heal Wounds


You were on level 1 of the Dungeon.
You were not hungry.

You visited 1 branch of the dungeon, and saw 1 of its levels.

Inventory:

Hand Weapons
 a - a +0 short sword (weapon)
Armour
 b - a +0 leather armour (worn)
Wands
 c - a wand of flame (15)
 d - a wand of enslavement (15)
 e - a wand of random effects (15)
Comestibles
 f - a ration


   Skills:
 + Level 1.0 Fighting
 + Level 0.8 Short Blades
 + Level 2.1 Dodging
 + Level 1.2 Stealth
 + Level 4.0 Evocations


You couldn't memorise any spells.
You didn't know any spells.
Your spell library was empty.

Dungeon Overview and Level Annotations

Branches:
Dungeon (1/15)

Altars:


Innate Abilities, Weirdness & Mutations

You are resistant to damage.
You can heal yourself by infusing magical energy.
You passively map a small area around you.
You do not regenerate.


Message History

The ball python bites you but does no damage.
The ball python constricts you. The rat bites you but does no damage.
The goblin barely misses you. The ball python bites you.
The ball python constricts you. The rat bites you. The goblin hits you.
The ball python barely misses you. The ball python constricts you.
The rat bites you but does no damage. The goblin hits you.
* * * LOW HITPOINT WARNING * * *
The ball python closely misses you. The ball python constricts you.
The rat bites you but does no damage. The goblin closely misses you.
The ball python bites you. The ball python constricts you.
The rat closely misses you. The goblin hits you but does no damage.
The ball python bites you. The ball python constricts you.
The ball python bites you but does no damage.
The ball python constricts you. The rat bites you.
* * * LOW HITPOINT WARNING * * *
The goblin hits you. The ball python barely misses you.
The ball python constricts you. The rat bites you.
You die...

* , ,, ,, ,
#...?....... ,
#........... .
##.........# ,
..#..........#
,* , ,
...........##
...#...r.......
,
,#....gSr....#*
* ,, , , ##@##,
, , , #...# , ,
###.⌠.###, , ,
, #.......#, ,
#.⌠.<.⌠.#,
#.......# *
###.⌠.### ,
#...#, , ,##+##


You could see a goblin, a ball python and 2 rats.

Vanquished Creatures
  A rat (D:1)
1 creature vanquished.

Notes
Turn   | Place    | Note
-------+----------+-------------------------------------------
     0 | D:1      | Lugonue the Deep Dwarf Artificer began the quest for the
                  | Orb.
     0 | D:1      | Reached XP level 1. HP: 16/16 MP: 3/3
    81 | D:1      | Reached skill level 1 in Fighting
   115 | D:1      | Slain by a rat

Levels and vault maps discovered:
D:1:      dpeg_arrival_simpleton_c, layout_rooms

Skill      XL: |  1 |
---------------+----+-----
Fighting       | 1 |  1.0
Short Blades   | |  0.8
Dodging        | |  2.1
Stealth        | |  1.2
Evocations     | |  4.0

Action                   || total
-------------------------++-------
Melee: Short sword       ||     2
Armor: Leather armour    ||    35
Dodge: Dodged            ||    84

Table legend:
 A = Non-vault XP
 B = Vault XP
 C = Vault XP percentage of total XP
 D = Non-vault monster count
 E = Vault monster count
 F = Vault count percentage of total count
                 A         B        C        D         E       F
            +---------+---------+-------+---------+---------+-------
      Total |       1 |       0 |   0.0 |       1 |       0 |   0.0
            +---------+---------+-------+---------+---------+-------
        D:1 |       1 |       0 |   0.0 |       1 |       0 |   0.0
            +---------+---------+-------+---------+---------+-------
